 Dungeon Crawl Stone Soup version 0.29-a0-998-g1987434951 (webtiles) character file.

Game seed: 4891136792100060026

527 zishaf the Magician (level 7, 0/75 HPs)
             Began as a Djinni Venom Mage on Aug 5, 2022.
             Was an Initiate of Makhleb.
             Slain by a water moccasin (4 damage)
             ... on level 5 of the Dungeon.
             The game lasted 00:08:08 (4796 turns).

zishaf the Magician (Djinni Venom Mage)             Turns: 4796, Time: 00:08:09

Health: 0/75       AC:  3    Str: 13    XL:     7   Next: 47%
Gold:   158        EV: 12    Int: 18    God:    Makhleb [......] SH:  0 Dex: 14

rFire   + + .      SeeInvis .   f - +1 dagger
rCold   . . .      Faith    .   (no shield)
rNeg    + + .      Spirit   .   a - +0 robe
rPois   ∞          Reflect  .   n - +0 helmet
rElec   +          Harm     .   (no cloak)
rCorr   .          Rampage  .   (no gloves)
Will    .....                   (boots unavailable)
Stlth   ..........              d - amulet "Vufeot" {rElec rC+ rN++ Regen+ Slay-2}
HPRegen 1.02/turn               l - +6 ring of strength
MPRegen 0.00/turn               (no ring)

@: brilliant, berserking, flying, very quick
A: sickness immunity, fire resistance 2, cold vulnerability 1, float, innate
caster, HP casting, extra vitality 1
a: Renounce Religion


You were on level 5 of the Dungeon.
You worshipped Makhleb.
Makhleb was noncommittal.
You visited 1 branch of the dungeon, and saw 5 of its levels.

You collected 236 gold pieces.
You spent 78 gold pieces at shops.

Inventory:

Hand Weapons
 f - a +1 dagger (weapon)
Armour
 a - a +0 robe (worn)
 g - the +1 pair of gloves of Tofaoj {Harm Fly rPois Will+}
   (You found it on level 4 of the Dungeon)

   rPois:     It protects you from poison.
   Fly:       It grants you flight.
   Harm:      It increases damage dealt and taken.
   Will:      It increases your willpower.
 n - a +0 helmet (worn)
 q - the +8 chain mail "Jiadiwkaa" {Stlth+}
   (You took it off a goblin on level 3 of the Dungeon)

   Stlth:     It makes you more stealthy.
Jewellery
 d - the amulet "Vufeot" (around neck) {rElec rC+ rN++ Regen+ Slay-2}
   (You acquired it on level 4 of the Dungeon)

   [amulet of regeneration]

   Slay:      It affects your accuracy & damage with ranged weapons and melee
   (-2).
   rC:        It protects you from cold.
   rElec:     It insulates you from electricity.
   rN:        It greatly protects you from negative energy.
   Regen:     It increases your rate of health regeneration.
 l - a +6 ring of strength (left hand)
Wands
 i - a wand of roots (8)
 r - a wand of flame (26)
Scrolls
 h - 5 scrolls of teleportation
 j - 2 scrolls of enchant weapon
Potions
 b - 5 potions of curing
 e - a potion of lignification {unknown}
 k - a potion of heal wounds {unknown}
 o - a potion of flight {unknown}
 s - a potion of brilliance


   Skills:
 + Level 3.5 Fighting
 - Level 2.1 Dodging
 - Level 1.5 Stealth
 * Level 4.8 Spellcasting
 + Level 1.2 Invocations
 + Level 2.5 Evocations


You couldn't memorise any spells.
You knew the following spells:

 Your Spells              Type           Power      Damage    Failure   Level
a - Sting                 Tmut/Pois      100%       1d8       1%          1
b - Poisonous Vapours     Pois/Air       64%        N/A       2%          2
c - Freeze                Ice            100%       1d11      1%          1
d - Scorch                Fire           64%        2d8       2%          2
z - Mephitic Cloud        Conj/Pois/Air  32%        N/A       5%          3
A - Olgreb's Toxic Radia  Pois           32%        N/A       19%         4
B - Blink                 Tloc           64%        N/A       2%          2
Your spell library was empty.

Dungeon Overview and Level Annotations

Branches:
Dungeon (5/15)
 Temple: D:4-7

Altars:
Makhleb
Qazlal

Shops:
D:1 !   D:3 ?

Annotations:
D:5 Grinder, Ijyb


Innate Abilities, Weirdness & Mutations

You are immune to sickness and miasma.
You are immune to poison.
Your flesh is very heat resistant. (rF++)
You are vulnerable to cold. (rC-)
You float through the air rather than walking.
You learn spells naturally, not from books.
Your magical power is your life essence.
You have superior vitality. (+4 MHP)


Message History

Your Invocations skill increases to level 1!
Casting: Scorch (safe; 2% risk of failure)
Confirm with . or Enter, or press ? or * to list all spells.
Okay, then.
You feel better. The water moccasin bites you.
* * * LOW HITPOINT WARNING * * *
Ijyb hits you but does no damage.
Grinder comes into view.
An ogre comes into view. It is wielding a +0 giant club.
Okay, then.
Aiming: Fastroot
Press: ? - help, Shift-Dir - straight line, f/p - Ijyb
Aim: Ijyb, wielding a +0 club, wearing a +2 ring mail of fire resistance, wearing a ring of poison resistance and carrying a wand of charming (5) (lightly wounded, more vulnerable to fire)
The roots erupt in riotous growth!
Roots grab Ijyb.
Roots grab the water moccasin.
Grinder shouts!
The grasping roots constrict Ijyb.
The grasping roots constrict the water moccasin.
Ijyb is no longer more vulnerable to fire.
The water moccasin bites you but does no damage.
The water moccasin barely misses you. Ijyb barely misses you.
It was a potion of berserk rage.
A red film seems to cover your vision as you go berserk!
You feel yourself moving faster!
You feel mighty!
The grasping roots constrict Ijyb!
The grasping roots constrict the water moccasin.
The roots release their grip on Ijyb.
The roots release their grip on the water moccasin.
The water moccasin closely misses you. Ijyb hits you with a +0 club.
* * * LOW HITPOINT WARNING * * *
You hit Ijyb but do no damage.
Ijyb is severely wounded.
The water moccasin bites you!
* * * LOW HITPOINT WARNING * * *
Unknown command.
You are too berserk!
You hit Ijyb.
Ijyb is severely wounded.
The water moccasin bites you.
You die...

.... ....... ##...
.......## ...... ........#
#...## ......... #....#####
#......<# ##..#..#..#
#......## #..##.....## ##
##.$.....####.........###.#
.........O@......#........#
.....5...gS...##.#......<..
......###†....#####...#....
.............## #..####..
..........#### #### ##
.........## #........
........# .....


You could see Grinder, a water moccasin, an ogre and Ijyb.

Vanquished Creatures
  2 black bears (D:5)
  A centaur (D:4)
  A necrophage (D:4)
  An orc priest (D:4)
  A hound (D:4)
  Terence (D:2)
  4 adders
  2 ufetubi (D:4)
  A worm (D:3)
  6 dart slugs
  3 orcs (D:4)
  A ball python (D:2)
  3 bats
  4 endoplasms
  3 giant cockroaches
  4 goblins
  5 hobgoblins
  10 jackals
  3 kobolds
  A quokka (D:4)
  A frilled lizard (D:3)
  4 rats
62 creatures vanquished.

Notes
Turn   | Place    | Note
-------+----------+-------------------------------------------
     0 | D:1      | zishaf the Djinni Venom Mage began the quest for the Orb.
     0 | D:1      | zishaf set off with the following spells memorised: Sting,
                  | Poisonous Vapours, Mephitic Cloud, Olgreb's Toxic Radiance.
     0 | D:1      | Reached XP level 1. HP: 15/15 MP: 0/0
   283 | D:1      | Found Tagyduog's Distillery.
   380 | D:1      | Reached XP level 2. HP: 10/22 MP: 0/0
   711 | D:1      | Reached skill level 1 in Fighting
  1010 | D:1      | Reached XP level 3. HP: 25/27 MP: 0/0
  1010 | D:1      | Learned a level 1 spell: Freeze
  1075 | D:1      | Reached skill level 3 in Spellcasting
  1448 | D:2      | Noticed Terence
  1516 | D:1      | Bought a potion of curing for 36 gold pieces
  1706 | D:2      | Killed Terence
  1707 | D:2      | Reached XP level 4. HP: 18/33 MP: 0/0
  2349 | D:2      | Found a faded altar of an unknown god.
  3271 | D:3      | Identified the +8 chain mail "Jiadiwkaa" {Stlth+}
  3414 | D:3      | Reached XP level 5. HP: 38/38 MP: 0/0
  3414 | D:3      | Learned a level 2 spell: Blink
  3695 | D:3      | Found Cecocw's Magic Scroll Shoppe.
  3703 | D:3      | Bought a scroll of teleportation for 42 gold pieces
  3851 | D:4      | Identified a scroll of acquirement
  3851 | D:4      | Acquired the amulet "Vufeot" {rElec rC+ rN++ Regen+ Slay-2}
  3918 | D:4      | Identified the +1 pair of gloves of Tofaoj {Harm Fly rPois
                  | Will+}
  3977 | D:4      | Noticed a centaur
  3987 | D:4      | Killed a centaur
  3988 | D:4      | Reached skill level 4 in Spellcasting
  3988 | D:4      | Reached skill level 1 in Evocations
  4038 | D:4      | Reached XP level 6. HP: 45/45 MP: 0/0
  4134 | D:4      | Found a stormy altar of Qazlal.
  4665 | D:4      | Found a burning altar of Makhleb.
  4677 | D:4      | Became a worshipper of Makhleb the Destroyer
  4748 | D:5      | Entered Level 5 of the Dungeon
  4761 | D:5      | Noticed a black bear
  4774 | D:5      | Killed a black bear
  4775 | D:5      | Reached XP level 7. HP: 44/50 MP: 0/0
  4775 | D:5      | Learned a level 2 spell: Scorch
  4775 | D:5      | Noticed Ijyb
  4787 | D:5      | Noticed a water moccasin
  4791 | D:5      | HP: 2/50 [water moccasin (5)]
  4792 | D:5      | Reached skill level 1 in Invocations
  4792 | D:5      | Noticed Grinder
  4796 | D:5      | Slain by a water moccasin

Illustrated notes

Levels and vault maps discovered:
D:1:      dpeg_arrival_boxorama, layout_basic, serial_shops, shop
D:2:      layout_basic, hellmonk_ecumenical_altar_crossroads,
          lemuel_flame_loot_1, uniq_terence
D:3:      layout_loops_ring, mainiacjoe_overflow_six_doors_small, serial_shops,
          shop
D:4:      layout_loops_ring, makhleb_blood_cavern_becter,
          nicolae_qazlal_general_emergency
D:5:      layout_cave_pools, mainiacjoe_overflow_small_starburst,
          pf_just_have_faith, kennysheep_little_box,
          minmay_temple_entry_drinking_statues, portal_sewer_entry_a,
          uniq_edmund, uniq_ijyb, uniq_grinder

Skill      XL: |  1  2  3  4  5  6  7 |
---------------+----------------------+-----
Fighting       | 1 2 3 |  3.5
Spellcasting   | 3 4 |  4.8
Evocations     | 1 2 |  2.5
Invocations    | 1 |  1.2
Dodging        | |  2.1
Stealth        | |  1.5

Action                   |  1- 3 |  4- 6 |  7- 9 || total
-------------------------+-------+-------+-------++-------
Melee: Unarmed           |     5 |       |       ||     5
       Dagger            |       |    62 |     6 ||    68
 Cast: Sting             |    52 |    69 |       ||   121
       Poisonous Vapours |     4 |     2 |       ||     6
       Mephitic Cloud    |     1 |     2 |     1 ||     4
       Freeze            |       |    14 |       ||    14
       Olgreb's Toxic Ra |       |     1 |     1 ||     2
       Scorch            |       |       |     4 ||     4
Evoke: Wand              |       |       |     1 ||     1
  Use: Scroll            |       |     7 |       ||     7
       Potion            |       |       |     3 ||     3
 Stab: Confused          |       |     1 |       ||     1
Armor: Robe              |     6 |    21 |     7 ||    34
       Chain mail        |       |    63 |       ||    63
Dodge: Dodged            |    27 |    80 |    13 ||   120

Table legend: (Time is in decaauts)
 A = Elapsed time spent in this place.
 B = Non-inter-level travel time spent in this place.
 C = Inter-level travel time spent in this place.
 D = Time resting spent in this place.
 E = Time spent auto-exploring this place.
 F = Levels seen in this place.
 G = Mean time per level.
                   A        B        C        D        E       F      G
               +--------+--------+--------+--------+--------+-----+--------+
         Total |   4794 |   4576 |    218 |    266 |   3637 |   5 |  958.8 |
       Dungeon |   4794 |   4576 |    218 |    266 |   3637 |   5 |  958.8 |
               +--------+--------+--------+--------+--------+-----+--------+

Top non-repeatable levels by time:
     D:2: 1597 daAuts
     D:1: 1470 daAuts
     D:4: 916 daAuts
     D:3: 762 daAuts
     D:5: 47 daAuts
